cohdb
Replays
Latest Replays
All Replays
Popular Replays
Top Player Replays
Match Explorer
How It Works
Community
CoH3 Stats
Reddit
Sign in to upload your games and track your stats! →
Sign in with Steam
Match 45563655
Unlisted
Match 45563655
Overview
Messages
Build Orders
End
Scout Squad
Construct Barracks
Selects Heavy Weapons
1⁄4-ton 4x4 Truck
Riflemen Squad
Riflemen Squad
M1 Mortar Team
Selects M2HB .50cal Heavy Machine Gun
Air Support Center
Mechanized Support Center
Construct Medical Station
M1 Mortar Team
Selects Assault Carriers
Construct Tank Depot
M4A1 Sherman Medium Tank
Engineer Squad
M4A1 76mm Conversion
Jm200092
SquidwardTentacles420
QC
crazymcdazy
ryu234
Minnie
VERIVERYSTR
kzvs1nyx
0
0
Comments
sign in to comment!
No comments posted yet!